 Seeded DCSS version 0.30-a0-187-gd9c2deaf24 (webtiles) character file.

Game seed: 9256909020028690172 (custom seed)

80 Iusername the Covered (level 4, -1/41 HPs)
             Began as a Minotaur Fighter on Oct 3, 2022.
             Slain by a shadow imp (5 damage)
             ... summoned by Natasha
             ... on level 2 of the Dungeon.
             The game lasted 00:01:09 (1357 turns).

Iusername the Covered (Minotaur Fighter)            Turns: 1357, Time: 00:01:10

Health: -1/41      AC:  7    Str: 23    XL:     4   Next: 18%
Magic:  3/3        EV:  9    Int:  5    God:
Gold:   76         SH:  4    Dex:  9    Spells: 3/3 levels left

rFire   . . .      SeeInvis .    a - +0 war axe
rCold   . . .      Faith    .    c - +0 buckler
rNeg    . . .      Spirit   .    b - +0 scale mail
rPois   .          Reflect  .    (helmet restricted)
rElec   .          Harm     .    (no cloak)
rCorr   .          Rampage  .    (no gloves)
Will    .....                    (no boots)
Stlth   ..........               (no amulet)
HPRegen 0.26/turn                (no ring)
MPRegen 0.08/turn                (no ring)

@: mighty, slowed, studying Armour, very slow
A: horns 2, retaliatory headbutt
a: no special abilities


You were on level 2 of the Dungeon.
You visited 1 branch of the dungeon, and saw 2 of its levels.

You collected 76 gold pieces.

Inventory:

Hand Weapons
 a - a +0 war axe (weapon)
Armour
 b - a +0 scale mail (worn)
 c - a +0 buckler (worn)
Scrolls
 e - a scroll of teleportation {unknown}
 f - 3 scrolls of noise {unknown}
 g - a scroll of enchant armour {unknown}
Potions
 h - a potion of flight {unknown}


   Skills:
 + Level 4.3 Fighting
 + Level 3.2 Axes
 + Level 4.8 Armour
 + Level 0.4 Dodging
 + Level 4.3 Shields


You had 3 spell levels left.
You didn't know any spells.
Your spell library contained the following spells:

 Spells                   Type           Power      Damage    Failure   Level
 Apportation              Tloc           0%         N/A       86%         1
 Magic Dart               Conj           0%         1d3       86%         1
 Call Imp                 Summ           0%         N/A       95%         2
 Mephitic Cloud           Conj/Pois/Air  0%         N/A       99%         3
 Alistair's Intoxication  Tmut/Pois      0%         N/A       100%        5


Dungeon Overview and Level Annotations

Branches:
Dungeon (2/15)

Altars:

Annotations:
D:2 Natasha


Innate Abilities, Weirdness & Mutations

You have a pair of horns on your head.
You reflexively headbutt those who attack you in melee.


Message History

The hobgoblin barely misses you. You furiously retaliate!
You headbutt the hobgoblin.
You kill the hobgoblin!
You block Robin's attack. The white imp gestures at you.
The puff of frost hits you.
* * * LOW HITPOINT WARNING * * *
The white imp hits you but does no damage.
You feel very mighty all of a sudden. Robin barely misses you.
The white imp barely misses you. You furiously retaliate!
You headbutt the white imp!
You kill the white imp!
The white imp disappears in a puff of smoke!
The white imp laughs crazily.
The white imp gestures at you. The puff of frost misses you.
You hear some strange, mumbled words.
Robin barely misses you. You furiously retaliate!
You headbutt Robin! The white imp gestures at you.
The puff of frost misses you. Something claws you.
* * * LOW HITPOINT WARNING * * *
The worm bites you.
* * * LOW HITPOINT WARNING * * *
Robin barely misses you. You block the white imp's attack.
Something claws you but does no damage.
Items here: ))) ††.
You slash Robin!
You kill Robin!
You slash the worm! You slash the white imp!
You kill the white imp!
The white imp disappears in a puff of smoke!
You closely miss something.
You hear some strange, mumbled words.
A magic dart appears from out of thin air!
The magic dart hits you.
* * * LOW HITPOINT WARNING * * *
The worm bites you.
* * * LOW HITPOINT WARNING * * *
The shadow imp hits you.
You die...

#.#...#
#.#...####
#######
..........
......
#.########
#....# #.#
....# #.#
....#####
#.#
##........
..#
#.5w..#
###
#{@)..# .#
######
#).§..# .#
#....#
###.))..#
.# #....#
#.......#
.# #....#
#.......#
.# #....#
#.......#
#####....#
#....#####
....#....#
#........#
#
....†....#
#..(####.#
..


You could see a worm and a shadow imp (summoned).

Vanquished Creatures
  Jessica (D:2)
  Robin (D:2)
  An adder (D:2)
  6 endoplasms
  4 giant cockroaches
  11 goblins
  5 hobgoblins
  A quokka (D:2)
  3 ball pythons
  A bat (D:1)
  3 kobolds
  2 rats (D:1)
39 creatures vanquished.

Notes
Turn   | Place    | Note
-------+----------+-------------------------------------------
     0 | D:1      | Iusername the Minotaur Fighter began the quest for the Orb.
     0 | D:1      | Reached XP level 1. HP: 19/19 MP: 0/0
   321 | D:1      | Reached XP level 2. HP: 27/27 MP: 1/1
   774 | D:1      | Identified a scroll of acquirement
   774 | D:1      | Acquired a manual of Armour
   830 | D:2      | Noticed Jessica
   838 | D:2      | Killed Jessica
   839 | D:2      | Reached XP level 3. HP: 12/33 MP: 2/2
  1254 | D:2      | Identified the +2 pair of gloves of the Viny God {Rampage}
  1347 | D:2      | Noticed Robin
  1348 | D:2      | Noticed Natasha
  1352 | D:2      | Reached XP level 4. HP: 37/41 MP: 3/3
  1357 | D:2      | Killed Robin
  1357 | D:2      | Slain by a shadow imp

Illustrated notes

Levels and vault maps discovered:
D:1:      dpeg_cavernosity, layout_loops_cross
D:2:      layout_basic, shapermc_ecumenical_altar_gd, uniq_robin, uniq_jessica,
          uniq_natasha

Skill      XL: |  1  2 |
---------------+-------+-----
Armour         | 4 |  4.8
Fighting       | 4 |  4.3
Shields        | 4 |  4.3
Axes           | 3 |  3.2
Dodging        | |  0.4

Action                   |  1- 3 |  4- 6 || total
-------------------------+-------+-------++-------
Melee: War axe           |    60 |     4 ||    64
       Headbutt          |     9 |     1 ||    10
  Use: Scroll            |     1 |       ||     1
       Potion            |       |     1 ||     1
Armor: Scale mail        |    36 |    10 ||    46
Dodge: Dodged            |    22 |    15 ||    37
Block: Buckler           |    22 |     4 ||    26

Table legend: (Time is in decaauts)
 A = Elapsed time spent in this place.
 B = Non-inter-level travel time spent in this place.
 C = Inter-level travel time spent in this place.
 D = Time resting spent in this place.
 E = Time spent auto-exploring this place.
 F = Levels seen in this place.
 G = Mean time per level.
                   A        B        C        D        E       F      G
               +--------+--------+--------+--------+--------+-----+--------+
         Total |   1385 |   1346 |     39 |    284 |    892 |   2 |  692.5 |
       Dungeon |   1385 |   1346 |     39 |    284 |    892 |   2 |  692.5 |
               +--------+--------+--------+--------+--------+-----+--------+

Top non-repeatable levels by time:
     D:1: 825 daAuts
     D:2: 559 daAuts
